PUB
CALIFORNIA SEALS @ SAN FRANCISCO MEATBALLS
04/24/1972
 
TOP OF THE 1ST
California Seals batting - Pitching for San Francisco Meatballs : RHP Tom Pesky
Pitching: RHP Tom Pesky
Batting: LHB Rick Monday 0-0: Called Strike
0-1: Foul Ball, location: 9LSF
0-2: Foul Ball, location: 2F
0-2: Ball
1-2: Foul Ball, location: 3F
1-2: Strikes out swinging, 2-3 out at first.
Batting: LHB Mack Jones 0-0: Ball
1-0: Foul Ball, location: 2F
1-1: Swinging Strike
1-2: Ball
2-2: Foul Ball, location: 23FF
2-2: Foul Ball, location: 2F
2-2: Foul Ball, location: 2F
2-2: Strikes out swinging
Batting: RHB Johnny Bench 0-0: Swinging Strike
0-1: Foul Ball, location: 2F
0-2: Ball
1-2: Foul Ball, location: 2F
1-2: Ball
2-2: Strikes out swinging
Top of the 1st over - 0 runs, 0 hits, 0 errors, 0 left on base; California 0 - San Francisco 0
BOTTOM OF THE 1ST
San Francisco Meatballs batting - Pitching for California Seals : RHP Dalton Hewitt
Pitching: RHP Dalton Hewitt
Batting: LHB José Otero 0-0: Ball
1-0: Swinging Strike
1-1: Foul Ball, location: 5FF
1-2: Foul Ball, location: 2F
1-2: Strikes out swinging
Batting: RHB Dave Concepcion 0-0: Swinging Strike
0-1: SINGLE (Flyball, 8LS, EV 87.5 MPH)
Batting: LHB Jonathan Norton 0-0: Ball
1-0: Ball
2-0: Called Strike
2-1: Ball
3-1: Swinging Strike
3-2: Strikes out swinging
Dave Concepcion is caught stealing 2nd base 2-6
Batter strikes out.
Bottom of the 1st over - 0 runs, 1 hit, 0 errors, 0 left on base; California 0 - San Francisco 0
TOP OF THE 2ND
California Seals batting - Pitching for San Francisco Meatballs : RHP Tom Pesky
Batting: LHB Peter Brantley 0-0: Called Strike
0-1: Ball
1-1: Called Strike
1-2: Ball
2-2: Foul Ball, location: 2F
2-2: Ball
3-2: Foul Ball, location: 2F
3-2: Foul Ball, location: 2LF
3-2: SINGLE (Flyball, 3D, EV 98.1 MPH)
Batting: LHB Boog Powell 0-0: Called Strike
0-1: Ball
1-1: Called Strike
1-2: Strikes out looking
Batting: SHB Jim Lefebvre 0-0: Called Strike
0-1: Ball
1-1: Called Strike
1-2: Ball
2-2: Foul Ball, location: 2F
2-2: Ball
3-2: Strikes out looking
Batting: RHB Micheal Cain 0-0: Called Strike
0-1: Called Strike
0-2: Foul Ball, location: 23F
0-2: Foul Ball, location: 2F
0-2: Strikes out looking
Top of the 2nd over - 0 runs, 1 hit, 0 errors, 1 left on base; California 0 - San Francisco 0
BOTTOM OF THE 2ND
San Francisco Meatballs batting - Pitching for California Seals : RHP Dalton Hewitt
Batting: SHB Daniel Taylor 0-0: Ball
1-0: Called Strike
1-1: Ball
2-1: Foul Ball, location: 2F
2-2: Ball
3-2: Strikes out looking
Batting: LHB Jorge López 0-0: Swinging Strike
0-1: Ball
1-1: Ball
2-1: Ball
3-1: Swinging Strike
3-2: Foul Ball, location: 2RF
3-2: Strikes out looking
Batting: SHB Munenori Sato 0-0: Foul Ball, location: 2F
0-1: Foul Ball, location: 5F
0-2: SINGLE (Groundball, 4S, EV 65.0 MPH) (infield hit)
Batting: LHB Larry Richardson 0-0: Called Strike
0-1: Ball
Munenori Sato steals 2nd base
1-1: Foul Ball, location: 2LF
1-2: Fly out, F8 (Flyball, 8LM, EV 85.0 MPH)
Bottom of the 2nd over - 0 runs, 1 hit, 0 errors, 1 left on base; California 0 - San Francisco 0
TOP OF THE 3RD
California Seals batting - Pitching for San Francisco Meatballs : RHP Tom Pesky
Batting: RHB Paul Donahue 0-0: Called Strike
0-1: Foul Ball, location: 5DF
0-2: Strikes out swinging
Batting: RHB Dalton Hewitt 0-0: Ground out 5-3 (Groundball, 56S, EV 94.4 MPH)
Batting: LHB Rick Monday 0-0: Foul Ball, location: 2F
0-1: Ball
1-1: Called Strike
1-2: Foul Ball, location: 5FF
1-2: Strikes out swinging
Top of the 3rd over - 0 runs, 0 hits, 0 errors, 0 left on base; California 0 - San Francisco 0
BOTTOM OF THE 3RD
San Francisco Meatballs batting - Pitching for California Seals : RHP Dalton Hewitt
Batting: LHB Johnny Edwards 0-0: Foul Ball, location: 5DF
0-1: Fly out, F8 (Flyball, 8RXD, EV 105.0 MPH)
Batting: RHB Tom Pesky 0-0: Ball
1-0: Ball
2-0: Called Strike
2-1: Ground out 2-3 (Groundball, 2L, EV 66.3 MPH)
Batting: LHB José Otero 0-0: Ball
1-0: Called Strike
1-1: Ball
2-1: Ground out 1-3 (Groundball, 34S, EV 67.5 MPH)
Bottom of the 3rd over - 0 runs, 0 hits, 0 errors, 0 left on base; California 0 - San Francisco 0
TOP OF THE 4TH
California Seals batting - Pitching for San Francisco Meatballs : RHP Tom Pesky
Batting: LHB Mack Jones 0-0: Called Strike
0-1: Swinging Strike
0-2: Strikes out looking
Batting: RHB Johnny Bench 0-0: Ball
1-0: Ball
2-0: SINGLE (Line Drive, 4D, EV 108.8 MPH)
Batting: LHB Peter Brantley 0-0: Ball
1-0: Ball
2-0: Foul Ball, location: 5SF
2-1: Called Strike
2-2: DOUBLE (Flyball, 8RXD, EV 95.6 MPH)
Johnny Bench to third
Runner from 3rd tries for Home, SAFE, no throw by CF
Batting: LHB Boog Powell 0-0: Ball
1-0: SINGLE (Groundball, 4D, EV 98.8 MPH)
Peter Brantley to third
Batting: SHB Jim Lefebvre 0-0: SINGLE (Line Drive, 8LS, EV 95.0 MPH)
Peter Brantley scores
Boog Powell to second
Batting: RHB Micheal Cain 0-0: Ball
1-0: Ball
2-0: Grounds into double play, 6-4-3 (Groundball, 6, EV 84.4 MPH)
Top of the 4th over - 2 runs, 4 hits, 0 errors, 1 left on base; California 2 - San Francisco 0
BOTTOM OF THE 4TH
San Francisco Meatballs batting - Pitching for California Seals : RHP Dalton Hewitt
Batting: RHB Dave Concepcion 0-0: Called Strike
0-1: Ball
1-1: Ball
2-1: Ball
3-1: Called Strike
3-2: Foul Ball, location: 25F
3-2: Foul Ball, location: 2F
3-2: Base on Balls
Batting: LHB Jonathan Norton 0-0: Ball
1-0: Foul Ball, location: 3F
1-1: SINGLE (Groundball, 6MD, EV 103.8 MPH)
Dave Concepcion to second
Runner from 2nd tries for 3rd, SAFE, no throw by CF
Batting: SHB Daniel Taylor 0-0: 3-RUN HOME RUN (Flyball, 7D, EV 96.9 MPH), Distance : 364 ft
Batting: LHB Jorge López 0-0: Ball
1-0: Called Strike
1-1: Called Strike
1-2: Foul Ball, location: 2F
1-2: Ball
2-2: Strikes out swinging
Batting: SHB Munenori Sato 0-0: Ball
1-0: Ball
2-0: Foul Ball, location: 23FF
2-1: SINGLE (Flyball, 8LS, EV 88.8 MPH)
Batting: LHB Larry Richardson 0-0: Ball
1-0: Ball
Wild Pitch!
Munenori Sato to second
2-0: Ball
3-0: Base on Balls
Batting: LHB Johnny Edwards 0-0: Swinging Strike
0-1: Ball
1-1: Swinging Strike
1-2: Ball
2-2: Fly out, F9 (Flyball, 9, EV 91.9 MPH)
Batting: RHB Tom Pesky 0-0: Foul Ball, location: 9LMF
0-1: Foul Ball, location: 25F
0-2: Ball
1-2: Ball
2-2: Strikes out swinging
Bottom of the 4th over - 3 runs, 3 hits, 0 errors, 2 left on base; California 2 - San Francisco 3
TOP OF THE 5TH
California Seals batting - Pitching for San Francisco Meatballs : RHP Tom Pesky
Batting: RHB Paul Donahue 0-0: Fly out, F8 (Flyball, 8LD, EV 100.6 MPH)
Batting: RHB Dalton Hewitt 0-0: Ball
1-0: Foul Ball, location: 5FF
1-1: Ball
2-1: SINGLE (Line Drive, 56, EV 93.8 MPH)
Batting: LHB Rick Monday 0-0: Foul Ball, location: 25F
0-1: Ball
1-1: Foul Ball, location: 7LSF
1-2: Foul Ball, location: 25F
1-2: Ball
2-2: Foul Ball, location: 2F
2-2: Ball
3-2: Foul Ball, location: 3F
3-2: Foul Ball, location: 3FF
3-2: Strikes out swinging
Batting: LHB Mack Jones 0-0: Ball
1-0: Swinging Strike
1-1: Swinging Strike
1-2: Foul Ball, location: 2F
1-2: Ball
2-2: Strikes out swinging
Top of the 5th over - 0 runs, 1 hit, 0 errors, 1 left on base; California 2 - San Francisco 3
BOTTOM OF THE 5TH
San Francisco Meatballs batting - Pitching for California Seals : RHP Dalton Hewitt
Batting: LHB José Otero 0-0: Swinging Strike
0-1: Ball
1-1: Foul Ball, location: 2F
1-2: Ball
2-2: Strikes out swinging
Batting: RHB Dave Concepcion 0-0: Fly out, F9 (Line Drive, 89M, EV 92.5 MPH)
Batting: LHB Jonathan Norton 0-0: Ground out 4-3 (Groundball, 34, EV 103.8 MPH)
Bottom of the 5th over - 0 runs, 0 hits, 0 errors, 0 left on base; California 2 - San Francisco 3
TOP OF THE 6TH
California Seals batting - Pitching for San Francisco Meatballs : RHP Tom Pesky
Batting: RHB Johnny Bench 0-0: Called Strike
0-1: Ball
1-1: Swinging Strike
1-2: Ball
2-2: Foul Ball, location: 5F
2-2: Ball
3-2: Strikes out swinging
Batting: LHB Peter Brantley 0-0: Ball
1-0: Ball
2-0: Called Strike
2-1: Ball
3-1: Swinging Strike
3-2: Strikes out looking
Batting: LHB Boog Powell 0-0: Ball
1-0: Swinging Strike
1-1: Foul Ball, location: 7LSF
1-2: Foul Ball, location: 9LMF
1-2: Ball
2-2: Strikes out looking
Top of the 6th over - 0 runs, 0 hits, 0 errors, 0 left on base; California 2 - San Francisco 3
BOTTOM OF THE 6TH
San Francisco Meatballs batting - Pitching for California Seals : RHP Dalton Hewitt
Batting: SHB Daniel Taylor 0-0: SINGLE (Groundball, 6S, EV 73.1 MPH) (infield hit)
Batting: LHB Jorge López 0-0: Ball
Daniel Taylor steals 2nd base
1-0: Ball
2-0: Called Strike
2-1: Swinging Strike
2-2: Strikes out looking
Batting: SHB Munenori Sato 0-0: Called Strike
0-1: Ball
1-1: SINGLE (Groundball, 6MD, EV 101.9 MPH)
Daniel Taylor to third
Batting: LHB Larry Richardson 0-0: Called Strike
0-1: Ball
1-1: Foul Ball, location: 2F
1-2: TRIPLE (Line Drive, 89XD, EV 111.9 MPH)
Daniel Taylor scores
Munenori Sato scores
Batting: LHB Johnny Edwards 0-0: Ball
1-0: 2-RUN HOME RUN (Flyball, 89XD, EV 98.1 MPH), Distance : 382 ft
Pinch Hitting: RHB Terry Williams 0-0: Ground out U3 (Groundball, 13, EV 87.5 MPH)
Batting: LHB José Otero 0-0: Called Strike
0-1: Called Strike
0-2: Foul Ball, location: 2F
0-2: Strikes out swinging
Bottom of the 6th over - 4 runs, 4 hits, 0 errors, 0 left on base; California 2 - San Francisco 7
TOP OF THE 7TH
California Seals batting - Pitching for San Francisco Meatballs : RHP Tom Pesky
Pitching: LHP Ray Sadecki
Batting: SHB Jim Lefebvre 0-0: Called Strike
0-1: Ball
1-1: Ball
2-1: Foul Ball, location: 7LSF
2-2: Strikes out swinging
Batting: RHB Micheal Cain 0-0: Foul Ball, location: 2F
0-1: Called Strike
0-2: Foul Ball, location: 5FF
0-2: Ball
1-2: DOUBLE (Line Drive, 5D, EV 96.3 MPH)
Batting: RHB Paul Donahue 0-0: Swinging Strike
0-1: Ball
1-1: Ground out 1-3 (Groundball, 34S, EV 72.5 MPH)
Pinch Hitting: RHB Dan Thomas 0-0: Ball
1-0: Foul Ball, location: 2F
1-1: Ball
2-1: Foul Ball, location: 9LMF
2-2: Foul Ball, location: 2F
2-2: Strikes out swinging
Top of the 7th over - 0 runs, 1 hit, 0 errors, 1 left on base; California 2 - San Francisco 7
BOTTOM OF THE 7TH
San Francisco Meatballs batting - Pitching for California Seals : RHP Dalton Hewitt
Pitching: RHP Jimmy Rivers
Batting: RHB Dave Concepcion 0-0: Swinging Strike
0-1: Fly out, F5 (Line Drive, 56D, EV 68.8 MPH)
Batting: LHB Jonathan Norton 0-0: Ball
1-0: Ball
2-0: Ball
3-0: Called Strike
3-1: Base on Balls
Batting: SHB Daniel Taylor 0-0: Called Strike
0-1: Ball
1-1: Foul Ball, location: 7LSF
1-2: Ball
2-2: 2-RUN HOME RUN (Flyball, 7D, EV 94.4 MPH), Distance : 372 ft
Batting: LHB Jorge López 0-0: Swinging Strike
0-1: Foul Ball, location: 2F
0-2: Ball
1-2: Ball
2-2: Strikes out swinging
Batting: SHB Munenori Sato 0-0: Ball
1-0: Fly out, F8 (Line Drive, 8LD, EV 86.9 MPH)
Bottom of the 7th over - 2 runs, 1 hit, 0 errors, 0 left on base; California 2 - San Francisco 9
TOP OF THE 8TH
California Seals batting - Pitching for San Francisco Meatballs : LHP Ray Sadecki
Batting: LHB Rick Monday 0-0: Called Strike
0-1: Ball
1-1: Foul Ball, location: 5F
1-2: Ball
2-2: Ball
3-2: SINGLE (Line Drive, 89S, EV 98.1 MPH)
Batting: LHB Mack Jones 0-0: Fly out, F5 (Popup, 5L, EV 80.0 MPH)
Batting: RHB Johnny Bench 0-0: Ball
1-0: Ball
2-0: Called Strike
2-1: Foul Ball, location: 2LF
2-2: Strikes out looking
Batting: LHB Peter Brantley 0-0: Ball
1-0: Fly out, F7 (Flyball, 78M, EV 76.3 MPH)
Top of the 8th over - 0 runs, 1 hit, 0 errors, 1 left on base; California 2 - San Francisco 9
BOTTOM OF THE 8TH
San Francisco Meatballs batting - Pitching for California Seals : RHP Jimmy Rivers
Batting: LHB Larry Richardson 0-0: Ball
1-0: Ball
2-0: DOUBLE (Line Drive, 9LM, EV 105.6 MPH)
Batting: LHB Johnny Edwards 0-0: Ball
1-0: Foul Ball, location: 2F
1-1: Foul Ball, location: 2F
1-2: Foul Ball, location: 25F
1-2: Foul Ball, location: 2F
1-2: Ball
2-2: Ball
3-2: SINGLE (Groundball, 34D, EV 101.3 MPH)
Larry Richardson to third
Runner from 3rd tries for Home, SAFE, throw by RF to home
Pinch Hitting: RHB Daniel MacGuffie 0-0: Called Strike
0-1: Foul Ball, location: 9LSF
0-2: Ball
1-2: Ball
2-2: Ball
3-2: Strikes out looking
Batting: LHB José Otero 0-0: Ball
1-0: Foul Ball, location: 5F
1-1: Ball
2-1: Ball
3-1: TRIPLE (Line Drive, 78XD, EV 101.9 MPH)
Johnny Edwards scores
Batting: RHB Dave Concepcion 0-0: DOUBLE (Line Drive, 7LM, EV 91.9 MPH)
José Otero scores
Pitching: LHP Kikunojo Watanabe
Batting: LHB Jonathan Norton 0-0: Ball
1-0: Called Strike
1-1: Called Strike
1-2: Ball
2-2: SINGLE (Line Drive, 9S, EV 92.5 MPH)
Dave Concepcion to third
Batting: SHB Daniel Taylor 0-0: Ball
1-0: Foul Ball, location: 9LDF
1-1: Swinging Strike
1-2: Ball
2-2: Strikes out swinging
Batting: LHB Jorge López 0-0: Swinging Strike
0-1: Called Strike
0-2: Ball
1-2: Ball
2-2: Strikes out swinging
Bottom of the 8th over - 3 runs, 5 hits, 0 errors, 2 left on base; California 2 - San Francisco 12
TOP OF THE 9TH
California Seals batting - Pitching for San Francisco Meatballs : LHP Ray Sadecki
Pitching: RHP Alexis Hendricks
Batting: LHB Boog Powell 0-0: Ball
1-0: Called Strike
1-1: Ball
2-1: Foul Ball, location: 2F
2-2: Ball
3-2: Strikes out swinging
Batting: SHB Jim Lefebvre 0-0: Swinging Strike
0-1: Foul Ball, location: 2F
0-2: Ground out 4-3 (Groundball, 4, EV 105.6 MPH)
Batting: RHB Micheal Cain 0-0: Ball
1-0: Ground out 6-3 (Groundball, 6M, EV 87.5 MPH)
Top of the 9th over - 0 runs, 0 hits, 0 errors, 0 left on base; California 2 - San Francisco 12
Thursday, February 29th , 2024 - OOTP Baseball 24.8 Build 75